 Dungeon Crawl Stone Soup version 0.30-b1-2-g02819fbbbe (webtiles) character file.

Game seed: 3682117862402196475

708 Megalobster the Slasher (level 7, 0/49 (56) HPs)
             Began as a Gnoll Reaver on Dec 30, 2023.
             Slain by a gnoll sergeant
             ... wielding a +0 spear
              (5 damage)
             ... on level 6 of the Dungeon.
             The game lasted 00:26:59 (6602 turns).

Megalobster the Slasher (Gnoll Reaver)              Turns: 6602, Time: 00:26:59

HP:   0/49 (56)     AC:  7    Str: 11    XL:     7   Next: 67%
MP:   5/5           EV: 12    Int: 20    God:
Gold: 268           SH:  0    Dex:  9    Spells: 11/17 levels left

rFire   + . .        a - +0 war axe (antimagic)
rCold   . . .        (no shield)
rNeg    . . .        v - +0 leather armour
rPois   .            A - +0 helmet
rElec   .            (no cloak)
rCorr   .            y - +2 pair of gloves of Ezistrog {Rampage rF+ Dex-2 Stlth+}
SInv    +            (no boots)
Will    .....        (no amulet)
Stlth   +++          j - ring of see invisible
HPRegen 0.28/turn    s - +6 ring of intelligence
MPRegen 0.09/turn

%: rampage
@: heavily drained
A: fangs 1, strong nose, distributed training
a: no special abilities


You were on level 6 of the Dungeon.
You visited 1 branch of the dungeon, and saw 6 of its levels.

You collected 268 gold pieces.

Inventory:

Hand Weapons
 a - a +0 antimagic war axe (weapon)
 b - a +0 sling
 h - a +1 dagger of venom
 z - a +1 antimagic dagger
Missiles
 d - 4 javelins
 g - 35 stones
 u - 3 boomerangs (quivered)
Armour
 m - a +0 ring mail
 v - a +0 leather armour (worn)
 x - a +0 pair of gloves
 y - the +2 pair of gloves of Ezistrog (worn) {Rampage rF+ Dex-2 Stlth+}
   (You found it on level 4 of the Dungeon)

   Dex:       It affects your dexterity (-2).
   rF:        It protects you from fire.
   Rampage:   It bestows one free step when moving towards enemies.
   Stlth:     It makes you more stealthy.
 A - a +0 helmet (worn)
Jewellery
 j - a ring of see invisible (left hand)
 r - an amulet of faith
 s - a +6 ring of intelligence (right hand)
Scrolls
 e - a scroll of brand weapon
 w - a scroll of poison {unknown}
Potions
 c - 2 potions of resistance
 f - 2 potions of ambrosia
 i - 8 potions of curing {@q1}
 k - a potion of mutation {unknown}
 n - a potion of brilliance {unknown}
 o - a potion of haste {unknown}
 p - a potion of cancellation {unknown}
 t - a potion of flight {unknown}


   Skills:
 + Level 5.4 Fighting
 + Level 2.7 Short Blades
 + Level 7.1 Long Blades
 + Level 2.7 Axes
 + Level 2.7 Maces & Flails
 + Level 2.7 Polearms
 + Level 2.7 Staves
 + Level 2.7 Ranged Weapons
 + Level 2.7 Throwing
 + Level 2.7 Armour
 + Level 5.4 Dodging
 + Level 2.7 Stealth
 + Level 2.7 Shields
 + Level 2.7 Unarmed Combat
 + Level 5.7 Spellcasting
 + Level 5.9 Conjurations
 + Level 2.2 Hexes
 + Level 2.2 Summonings
 + Level 2.2 Necromancy
 + Level 2.2 Translocations
 + Level 2.2 Transmutations
 + Level 2.2 Fire Magic
 + Level 2.2 Ice Magic
 + Level 2.2 Air Magic
 + Level 2.2 Earth Magic
 + Level 2.2 Poison Magic
 + Level 3.0 Invocations
 + Level 2.7 Evocations


You had 11 spell levels left.
You knew the following spells:

 Your Spells              Type           Power      Damage    Failure   Level
a - Kiss of Death         Conj/Necr      88%        2d12      2%          1
b - Hailstorm             Conj/Ice       22%        3d7       8%          3
c - Scorch                Fire           28%        2d6       9%          2

Your spell library contained the following spells:

 Spells                   Type           Power      Damage    Failure   Level
 Momentum Strike          Conj/Tloc      44%        3d9       3%          2
 Flame Wave               Conj/Fire      22%        2d8       26%         4
 Summon Cactus Giant      Summ           7%         N/A       100%        6


Dungeon Overview and Level Annotations

Branches:
Dungeon (6/15)
 Temple: D:4-7

Altars:
Cheibriados
Dithmenos
Kikubaaqudgha
Nemelex Xobeh
Sif Muna
Trog
Xom


Innate Abilities, Weirdness & Mutations

You have very sharp teeth.
Your uncanny sense of smell can sniff out nearby items.
Your experience applies equally to all skills.


Message History

You hit the gnoll sergeant.
The gnoll sergeant is moderately wounded.
The gnoll sergeant barely misses you.
You hit the gnoll sergeant but do no damage.
The gnoll sergeant is moderately wounded.
The gnoll sergeant closely misses you.
The gnoll sergeant hits you but does no damage.
You slash the gnoll sergeant!
You bite the gnoll sergeant, but do no damage.
The gnoll sergeant is severely wounded.
The gnoll sergeant hits you with a +0 spear.
* * * LOW HITPOINT WARNING * * *
You barely miss the gnoll sergeant. Your bite misses the gnoll sergeant.
The gnoll sergeant is severely wounded.
The gnoll sergeant hits you with a +0 spear.
* * * LOW HITPOINT WARNING * * *
The gnoll sergeant blocks your attack.
The gnoll sergeant is severely wounded.
The gnoll sergeant hits you but does no damage. x2
You hit the gnoll sergeant. Your bite misses the gnoll sergeant.
The gnoll sergeant is almost dead.
The gnoll sergeant hits you but does no damage.
The gnoll sergeant blocks your attack.
Your bite misses the gnoll sergeant.
The gnoll sergeant is almost dead.
The gnoll sergeant hits you with a +0 spear.
* * * LOW HITPOINT WARNING * * *
You hit the gnoll sergeant but do no damage.
The gnoll sergeant is almost dead.
The gnoll sergeant closely misses you. The gnoll sergeant barely misses you.
You hit the gnoll sergeant but do no damage.
You bite the gnoll sergeant, but do no damage.
The gnoll sergeant is almost dead.
The gnoll sergeant closely misses you.
The gnoll shouts!
You hit the gnoll sergeant.
The gnoll sergeant is almost dead.
The gnoll sergeant hits you with a +0 spear.
* * * LOW HITPOINT WARNING * * *
The gnoll sergeant hits you with a +0 spear.
You die...

##.# #.S# .# #g## .#
#.# .# #g# .# ##.# .#
...# ### .# g###
######.######.# .#
#..g..#.gg@...#
.######.####.########
........# ###
#########


You could see a gnoll sergeant and a gnoll.

Vanquished Creatures
  A water moccasin (D:3)
  A phantom (D:5)
  2 scorpions
  An orc priest (D:6)
  2 jellies (D:5)
  An iguana (D:4)
  An orc wizard (D:5)
  Robin (D:4)
  4 gnolls (D:5)
  7 adders
  A shadow imp (D:5)
  A white imp (D:5)
  2 worms
  A dart slug (D:1)
  11 orcs
  6 ball pythons
  6 endoplasms
  4 giant cockroaches
  26 goblins
  12 hobgoblins
  13 jackals
  4 quokkas
  6 bats
  3 frilled lizards
  9 kobolds
  5 rats
131 creatures vanquished.

Vanquished Creatures (others)
  5 toadstools (D:1)
5 creatures vanquished.

Grand Total: 136 creatures vanquished

Notes
Turn   | Place    | Note
-------+----------+-------------------------------------------
     0 | D:1      | Megalobster the Gnoll Reaver began the quest for the Orb.
     0 | D:1      | Reached XP level 1. HP: 20/20 MP: 6/6
   169 | D:1      | Reached XP level 2. HP: 22/26 MP: 7/7
   857 | D:1      | Reached skill level 5 in Spellcasting
   857 | D:1      | Reached XP level 3. HP: 24/29 MP: 7/9
  1391 | D:2      | Reached skill level 1 in Invocations
  1406 | D:2      | Reached skill level 1 in Short Blades
  1406 | D:2      | Reached skill level 1 in Axes
  1406 | D:2      | Reached skill level 1 in Maces & Flails
  1406 | D:2      | Reached skill level 1 in Polearms
  1406 | D:2      | Reached skill level 1 in Staves
  1406 | D:2      | Reached skill level 1 in Ranged Weapons
  1406 | D:2      | Reached skill level 1 in Throwing
  1406 | D:2      | Reached skill level 1 in Armour
  1406 | D:2      | Reached skill level 1 in Stealth
  1406 | D:2      | Reached skill level 1 in Shields
  1406 | D:2      | Reached skill level 1 in Unarmed Combat
  1406 | D:2      | Reached skill level 1 in Evocations
  1678 | D:2      | Found a faded altar of an unknown god.
  1861 | D:2      | Reached XP level 4. HP: 32/33 MP: 9/11
  2545 | D:3      | Noticed a water moccasin
  2547 | D:3      | Reached skill level 1 in Hexes
  2547 | D:3      | Reached skill level 1 in Summonings
  2547 | D:3      | Reached skill level 1 in Necromancy
  2547 | D:3      | Reached skill level 1 in Translocations
  2547 | D:3      | Reached skill level 1 in Transmutations
  2547 | D:3      | Reached skill level 1 in Fire Magic
  2547 | D:3      | Reached skill level 1 in Ice Magic
  2547 | D:3      | Reached skill level 1 in Air Magic
  2547 | D:3      | Reached skill level 1 in Earth Magic
  2547 | D:3      | Reached skill level 1 in Poison Magic
  2557 | D:3      | Killed a water moccasin
  2558 | D:3      | Reached XP level 5. HP: 19/43 MP: 10/12
  3157 | D:3      | Found a sparkling altar of Nemelex Xobeh.
  3414 | D:3      | Found a shadowy altar of Dithmenos.
  3418 | D:3      | Found a snail-covered altar of Cheibriados.
  3420 | D:3      | Found an ancient bone altar of Kikubaaqudgha.
  3426 | D:3      | Found a shimmering blue altar of Sif Muna.
  3611 | D:4      | Reached XP level 6. HP: 50/50 MP: 14/14
  3619 | D:4      | Found a shimmering altar of Xom.
  3719 | D:4      | Reached skill level 5 in Fighting
  3719 | D:4      | Reached skill level 5 in Dodging
  3776 | D:4      | Noticed Robin
  4167 | D:4      | Identified the +2 pair of gloves of Ezistrog {Rampage rF+
                  | Dex-2 Stlth+}
  4230 | D:4      | Found a bloodstained altar of Trog.
  4607 | D:4      | Killed Robin
  4848 | D:5      | Entered Level 5 of the Dungeon
  5441 | D:5      | Learned a level 3 spell: Hailstorm
  5526 | D:5      | HP: 1/34 [orc/+0 short sword (3)]
  5589 | D:5      | Reached skill level 7 in Long Blades
  5589 | D:5      | Reached XP level 7. HP: 26/44 MP: 5/15
  6130 | D:5      | Learned a level 2 spell: Scorch
  6602 | D:6      | Slain by a gnoll sergeant

Illustrated notes

Levels and vault maps discovered:
D:1:      ldierk_walled_garden, layout_basic, serial_rivers,
          chequers_serial_rivers_small_3, chequers_serial_rivers_micro_b,
          chequers_serial_rivers_micro_c, chequers_serial_rivers_small_b,
          chequers_serial_rivers_micro_b
D:2:      layout_loops_corners, nicolae_ecumenical_oubliette, minmay_cupped
D:3:      layout_basic, nicolae_overflow_hallway_of_the_gods
D:4:      kennysheep_goblin_castle, layout_basic, kennysheep_little_box,
          trog_antimagical
D:5:      layout_basic
D:6:      layout_loops_cross, nicolae_overflow_crystal_walls

Skill      XL: |  1  2  3  4  5  6  7 |
---------------+----------------------+-----
Spellcasting   | 5 |  5.7
Invocations    | 1 2 3 |  3.0
Short Blades   | 1 2 |  2.7
Axes           | 1 2 |  2.7
Maces & Flails | 1 2 |  2.7
Polearms       | 1 2 |  2.7
Staves         | 1 2 |  2.7
Ranged Weapons | 1 2 |  2.7
Throwing       | 1 2 |  2.7
Armour         | 1 2 |  2.7
Stealth        | 1 2 |  2.7
Shields        | 1 2 |  2.7
Unarmed Combat | 1 2 |  2.7
Evocations     | 1 2 |  2.7
Hexes          | 1 2 |  2.2
Summonings     | 1 2 |  2.2
Necromancy     | 1 2 |  2.2
Translocations | 1 2 |  2.2
Transmutations | 1 2 |  2.2
Fire Magic     | 1 2 |  2.2
Ice Magic      | 1 2 |  2.2
Air Magic      | 1 2 |  2.2
Earth Magic    | 1 2 |  2.2
Poison Magic   | 1 2 |  2.2
Fighting       | 5 |  5.4
Dodging        | 5 |  5.4
Long Blades    | 7 |  7.1
Conjurations   | |  5.9

Action                     |  1- 3 |  4- 6 |  7- 9 || total
---------------------------+-------+-------+-------++-------
  Melee: Falchion          |   129 |   138 |       ||   267
         Bite              |    12 |    18 |     8 ||    38
         Punch             |     1 |     3 |     1 ||     5
         War axe           |       |    86 |    86 ||   172
   Fire: Sling             |       |    18 |       ||    18
  Throw: Stone             |     2 |     1 |       ||     3
         Boomerang         |       |    39 |    13 ||    52
   Cast: Kiss of Death     |     3 |     4 |     1 ||     8
         Hailstorm         |       |     1 |     4 ||     5
         Scorch            |       |       |     4 ||     4
    Use: Scroll            |       |     5 |     3 ||     8
         Potion            |       |     3 |       ||     3
   Stab: Sleeping          |     1 |       |       ||     1
 Armour: Leather armour    |    24 |     3 |    32 ||    59
         Ring mail         |       |   100 |       ||   100
         Skin              |       |    17 |       ||    17
  Dodge: Dodged            |    74 |   162 |    73 ||   309
